 Dungeon Crawl Stone Soup version 0.30.1 (webtiles) character file.

Game seed: 3696860299896723331

86960 Wiggles the Axe Maniac (level 15, -14/108 HPs)
             Began as a Minotaur Berserker on July 7, 2023.
             Was a High Priest of Trog.
             Demolished by a boulder beetle (30 damage)
             ... on level 14 of the Dungeon on July 11, 2023.
             The game lasted 00:41:36 (20533 turns).

Wiggles the Axe Maniac (Minotaur Berserker)        Turns: 20533, Time: 00:41:36

Health: -14/108    AC: 31    Str: 29    XL:     15   Next: 42%
Magic:  0/14       EV: 14    Int:  4    God:    Trog [*****.]
Gold:   1190       SH:  0    Dex: 10    Spells: 14/14 levels left

rFire   + . .        L - +6 executioner's axe (heavy)
rCold   + . .        (shield currently unavailable)
rNeg    . . .        a - +4 plate armour
rPois   .            (helmet restricted)
rElec   .            r - scarf {rC+ rF+}
rCorr   .            (no gloves)
SInv    .            F - +2 pair of boots
Will    +....        l - amulet of guardian spirit Stlth
                     p - +4 ring of protection
HPRegen 0.38/turn    e - +5 ring of evasion
MPRegen 0.14/turn

%: guardian spirit
@: on berserk cooldown, slowed, very slow
A: horns 2, retaliatory headbutt
a: Renounce Religion, Berserk, Trog's Hand, Brothers in Arms


You were on level 14 of the Dungeon.
You worshipped Trog.
Trog was extremely pleased with you.
You visited 2 branches of the dungeon, and saw 19 of its levels.

You collected 1190 gold pieces.

Inventory:

Hand Weapons
 L - a +6 heavy executioner's axe (weapon)
 N - the +7 battleaxe of the Wraith {heavy, rElec}
   (Trog gifted it to you on level 5 of the Lair of Beasts)

   rElec:     It insulates you from electricity.
Armour
 a - a +4 plate armour (worn)
 j - a +0 cloak
 r - a scarf of resistance (worn)
 F - a +2 pair of boots (worn)
Jewellery
 e - a +5 ring of evasion (right hand)
 h - a ring of protection from fire
 l - an amulet of guardian spirit (around neck)
 p - a +4 ring of protection (left hand)
 t - a +6 ring of dexterity
 x - a +5 ring of evasion
 y - a ring of flight
 B - the amulet "Sicugang" {Spirit Regen+ Int-5 Dex+4}
   (You found it on level 4 of the Lair of Beasts)

   [amulet of guardian spirit]

   It causes incoming damage to be divided between your reserves of health and
   magic.
   Int:       It affects your intelligence (-5).
   Dex:       It affects your dexterity (+4).
   Regen:     It increases your rate of health regeneration.
 C - an amulet of faith
 G - a ring of fire
 J - a ring of magical power
 M - an amulet of reflection
 P - a +4 ring of protection
Wands
 q - a wand of polymorph (11)
 w - a wand of roots (25)
 D - a wand of paralysis (10)
 I - a wand of mindburst (2)
Scrolls
 d - a scroll of fog
 g - 3 scrolls of fear
 k - 4 scrolls of blinking
 m - 4 scrolls of magic mapping
 n - 8 scrolls of teleportation
 K - a scroll of butterflies
 O - 2 scrolls of identify
Potions
 b - 6 potions of attraction
 c - 5 potions of might
 f - 2 potions of resistance
 i - 3 potions of ambrosia
 o - 2 potions of lignification
 s - 2 potions of haste
 u - 5 potions of mutation
 z - 2 potions of flight
 A - 2 potions of degeneration
 E - 3 potions of cancellation
Miscellaneous
 H - a phantom mirror


   Skills:
 - Level 3.6 Fighting
 O Level 27 Axes
 * Level 20.4 Armour
 - Level 2.2 Dodging
 + Level 1.2 Evocations


You had 14 spell levels left.
You didn't know any spells.
Your spell library was empty.

Dungeon Overview and Level Annotations

Branches:
Dungeon (14/15)            Temple (0/1) D:5            Lair (5/5) D:9
 Shoals (0/4) Lair:2        Snake (0/4) Lair:3        Slime (0/5) Lair:5
    Orc (0/2) D:11         Vaults (0/5) D:14

Altars:
Ashenzari
Dithmenos
Elyvilon
Fedhas
Hepliaklqana
Makhleb
Nemelex Xobeh
Qazlal
Ru
Sif Muna
Trog
Wu Jian
Xom
Yredelemnul
The Shining One
Jiyva
Lugonu

Shops:
D:10 *

Portals:
Abyss: Lair:2

Annotations:
D:7 2 transporters
Lair:2 2 transporters, turdburglar's ghost, journeyman TrTm


Innate Abilities, Weirdness & Mutations

You have a pair of horns on your head.
You reflexively headbutt those who attack you in melee.


Message History

You carve the centaur warrior like a ham!!!!
You kill the centaur warrior!
Trog accepts your kill.
You hear a shout!
You hear an angry buzzing noise.
You hear a shout!
You completely miss the tengu warrior. You chop the gargoyle into pieces!!!
You destroy the gargoyle!
Trog accepts your kill.
The tengu warrior hits you but does no damage.
The tengu warrior pecks you but does no damage.
The tengu warrior claws you but does no damage.
You miss the tengu warrior. Your headbutt misses the tengu warrior.
You slash the tengu warrior!
The tengu warrior is lightly wounded.
The tengu warrior hits you but does no damage.
The tengu warrior closely misses you.
The tengu warrior claws you but does no damage.
You carve the tengu warrior like a turkey!!!
You kill the tengu warrior!
Trog accepts your kill.
You cut the boulder beetle into ribbons!!!
The boulder beetle is almost dead.
You hit the boulder beetle.
You kill the boulder beetle!
Trog accepts your kill.
A centaur warrior comes into view.
The boulder beetle bites you but does no damage.
Items here: ( )))))) [[[ ††††.
You feel a strong urge to attack something.
You are no longer berserk.
You are exhausted.
You feel yourself slow down.
The centaur warrior wields a +0 shortbow.
The centaur warrior shoots an arrow.
The arrow closely misses you.
The boulder beetle curls into a ball and begins rolling!
The centaur warrior shoots an arrow.
The arrow hits you!
* * * LOW HITPOINT WARNING * * *
The centaur warrior shoots an arrow.
The arrow hits you!
* * * LOW HITPOINT WARNING * * *
The boulder beetle hits you!!
You die...

.##.##.## ##.#
#.##.......... .......#
#)# #.#####.#..#########
#.#.#.## #.# ##.....##(##
#.....# ...# #.....#..#
##.#.## .#.####...##.##
.#...# .#.:###...#..#
.##.## )=.[..##.##..#
..#.#+
#####.B#.#..######...
##.## ##@##.........# #..#
#..##.........#
##.#########)##..........#
##........c##..#........#
#.##.######........###.#
##.# ##.......(... # #.##
#...####...... ..##.#
##..## #.#####.# ..#.##
#...# #.......#


You could see a boulder beetle (rolling) and a centaur warrior.

Vanquished Creatures
  Rupert (Lair:4)
  Azrael (D:13)
  A dire elephant (Lair:4)
  8 vault guards (D:14)
  4 hydras
  A two-headed ogre (D:10)
  5 boulder beetles
  3 centaur warriors
  8 death yaks
  A tengu warrior (D:14)
  A skyshark (Lair:5)
  4 skeletal warriors
  2 orc knights
  A wolf spider (D:14)
  10 ugly things
  5 manticores
  5 cyclopes
  28 elephants
  3 torpor snails (Lair:5)
  2 black mambas (Lair:5)
  2 gargoyles
  An unseen horror (D:10)
  5 cane toads
  2 kobold demonologists (D:11)
  A yaktaur (D:14)
  3 rime drakes
  An efreet (D:12)
  9 komodo dragons
  A merfolk (Lair:2)
  4 polar bears
  3 trolls
  4 meliai
  4 hornets
  27 blink frogs
  7 dream sheep (Lair:5)
  A shadow (D:10)
  12 spriggans (Lair:5)
  2 wraiths (D:13)
  Sigmund (D:6)
  4 vampires
  73 yaks
  6 wyverns
  6 basilisks
  Eustachio (D:4)
  5 fire elementals (D:13)
  A steam dragon (D:7)
  6 vampire mosquitoes (D:14)
  4 nagas (Lair:3)
  Edmund (D:6)
  9 water moccasins
  An acid dragon (D:11)
  A hell hound (D:13)
  2 ice beasts
  9 orc warriors
  A sky beast (D:5)
  6 black bears
  30 wolves
  5 boggarts (Lair:5)
  5 centaurs
  Blork the orc (D:5)
  6 kobold brigands
  10 bullfrogs
  4 scorpions
  13 wights
  7 killer bees (D:9)
  An electric eel (Lair:2)
  5 howler monkeys
  2 jellies
  9 orc priests
  Crazy Yiuf (D:2)
  3 hounds
  3 sleepcaps
  A gnoll bouda (D:7)
  3 iguanas
  22 orc wizards
  A hell rat (D:9)
  4 gnolls (D:7)
  5 river rats (D:9)
  8 adders
  2 shadow imps
  2 white imps
  A worm (D:3)
  2 dart slugs
  60 orcs
  8 endoplasms
  A giant cockroach (D:1)
  7 goblins
  6 hobgoblins
  2 jackals (D:1)
  4 quokkas
  7 ball pythons
  10 bats
  5 frilled lizards
  33 kobolds
  7 rats
626 creatures vanquished.

Vanquished Creatures (collateral kills)
  Sonja (D:13)
1 creature vanquished.

Grand Total: 627 creatures vanquished

Notes
Turn   | Place    | Note
-------+----------+-------------------------------------------
     0 | D:1      | Wiggles the Minotaur Berserker began the quest for the Orb.
     0 | D:1      | Reached XP level 1. HP: 19/19 MP: 0/0
   126 | D:1      | Reached skill level 4 in Axes
   240 | D:1      | Reached XP level 2. HP: 27/27 MP: 1/1
   490 | D:1      | Reached ** piety under Trog
   719 | D:1      | Reached skill level 5 in Axes
   911 | D:2      | Reached XP level 3. HP: 31/33 MP: 2/2
  1022 | D:2      | Found a runed translucent door.
  1023 | D:2      | Noticed Crazy Yiuf
  1030 | D:2      | Killed Crazy Yiuf
  1031 | D:2      | Reached XP level 4. HP: 40/40 MP: 3/3
  1197 | D:2      | Reached skill level 6 in Axes
  1993 | D:3      | Identified the +4 dagger of the Endless March {vamp, Str+2
                  | Stlth+}
  2244 | D:3      | Reached skill level 7 in Axes
  2244 | D:3      | Reached XP level 5. HP: 28/46 MP: 4/4
  2633 | D:4      | Noticed Eustachio
  2643 | D:4      | Killed Eustachio
  2644 | D:4      | Reached skill level 8 in Axes
  2644 | D:4      | Reached XP level 6. HP: 52/52 MP: 5/5
  2697 | D:4      | Found a broken altar of Ashenzari.
  2827 | D:4      | Reached skill level 9 in Axes
  3381 | D:5      | Entered Level 5 of the Dungeon
  3402 | D:5      | Reached XP level 7. HP: 58/58 MP: 6/6
  3443 | D:5      | Found a staircase to the Ecumenical Temple.
  3466 | D:5      | Reached *** piety under Trog
  3570 | D:5      | Reached skill level 10 in Axes
  3691 | D:5      | Found a bloodstained altar of Trog.
  3695 | D:5      | Found a white marble altar of Elyvilon.
  3699 | D:5      | Found a glowing golden altar of the Shining One.
  3704 | D:5      | Found a shimmering altar of Xom.
  3704 | D:5      | Found a hazy altar of Hepliaklqana.
  3734 | D:5      | Found a shadowy altar of Dithmenos.
  3738 | D:5      | Found a sparkling altar of Nemelex Xobeh.
  3845 | D:5      | Found a shimmering blue altar of Sif Muna.
  3845 | D:5      | Noticed Blork the orc
  3878 | D:5      | Killed Blork the orc
  3879 | D:5      | Reached skill level 11 in Axes
  4294 | D:6      | Reached XP level 8. HP: 66/66 MP: 7/7
  4304 | D:6      | Reached skill level 12 in Axes
  4522 | D:6      | Reached skill level 13 in Axes
  4562 | D:6      | Noticed Edmund
  4569 | D:6      | Killed Edmund
  4633 | D:6      | Found a burning altar of Makhleb.
  4675 | D:6      | Noticed Sigmund
  4682 | D:6      | Killed Sigmund
  4708 | D:6      | Reached skill level 14 in Axes
  4808 | D:6      | Reached XP level 9. HP: 71/71 MP: 8/8
  5451 | D:7      | Reached skill level 15 in Axes
  5589 | D:7      | Reached **** piety under Trog
  5609 | D:7      | Found a stormy altar of Qazlal.
  5711 | D:7      | Found a transporter.
  5780 | D:7      | Found a corrupted altar of Lugonu.
  5780 | D:7      | Noticed an ancient zyme
  5780 | D:7      | Noticed a white ugly thing
  5781 | D:7      | Noticed a green ugly thing
  5789 | D:7      | Found a transporter.
  6217 | D:8      | Reached skill level 16 in Axes
  6618 | D:8      | Found the +16 obsidian axe {drain, demonic, Mesm Drain Fly
                  | SInv}
  6720 | D:8      | Reached ***** piety under Trog
  6894 | D:8      | Identified the +0 buckler of Fortification {Will++ Dex+4
                  | Slay-2}
  7022 | D:9      | Noticed a death yak
  7022 | D:9      | Noticed a death yak
  7024 | D:9      | Noticed a death yak
  7030 | D:9      | Reached skill level 17 in Axes
  7030 | D:9      | Killed a death yak
  7031 | D:9      | Reached XP level 10. HP: 78/78 MP: 5/9
  7035 | D:9      | Killed a death yak
  7036 | D:9      | Reached skill level 18 in Axes
  7036 | D:9      | Received a gift from Trog
  7039 | D:9      | Killed a death yak
  7055 | D:9      | Reached skill level 19 in Axes
  7450 | D:9      | Found a staircase to the Lair.
  7607 | D:9      | Reached XP level 11. HP: 72/83 MP: 8/10
  7759 | D:9      | Found an ornate altar of the Wu Jian Council.
  7768 | D:9      | Found a basalt altar of Yredelemnul.
  7883 | D:10     | Entered Level 10 of the Dungeon
  7906 | D:10     | Found Baizutek's Overcharged Wands.
  8010 | D:10     | Noticed a two-headed ogre
  8018 | D:10     | Killed a two-headed ogre
  8019 | D:10     | Reached skill level 20 in Axes
  8299 | D:10     | Found a sacrificial altar of Ru.
  8335 | D:10     | Reached skill level 21 in Axes
  8709 | D:11     | Noticed a skeletal warrior
  8709 | D:11     | Noticed a skeletal warrior
  8782 | D:11     | Received a gift from Trog
  8922 | D:11     | Reached skill level 22 in Axes
  9233 | D:11     | Reached XP level 12. HP: 62/91 MP: 6/11
  9317 | D:11     | Found a blossoming altar of Fedhas.
  9484 | D:11     | Found a staircase to the Orcish Mines.
  9771 | D:11     | Reached skill level 23 in Axes
 10109 | D:12     | Noticed a boulder beetle
 10116 | D:12     | Killed a boulder beetle
 10693 | D:12     | Noticed a boulder beetle
 10701 | D:12     | Killed a boulder beetle
 10859 | D:12     | Reached skill level 24 in Axes
 11396 | D:12     | Identified a scroll of acquirement
 11396 | D:12     | Acquired a manual of Armour
 11459 | D:13     | Noticed a centaur warrior
 11475 | D:13     | Killed a centaur warrior
 11689 | D:13     | Reached skill level 5 in Armour
 11805 | D:13     | Noticed Sonja
 11823 | D:13     | HP: 2/91 [poisoned by Sonja]
 11835 | D:13     | Killed Sonja
 12147 | D:13     | Noticed a centaur warrior
 12243 | D:13     | Noticed a boulder beetle
 12261 | D:13     | Killed a boulder beetle
 12353 | D:13     | Noticed Azrael
 12365 | D:13     | Reached XP level 13. HP: 66/96 MP: 7/12
 12370 | D:13     | Killed Azrael
 13457 | Lair:1   | Entered Level 1 of the Lair of Beasts
 13973 | Lair:1   | Reached skill level 25 in Axes
 14306 | Lair:2   | Reached skill level 10 in Armour
 14403 | Lair:2   | Found a transporter.
 14721 | Lair:2   | Found a staircase to the Shoals.
 14913 | Lair:2   | Found a transporter.
 14967 | Lair:2   | Noticed turdburglar's ghost (journeyman TrTm)
 15336 | Lair:2   | Found a one-way gate to the infinite horrors of the Abyss.
 15647 | Lair:3   | Found a staircase to the Snake Pit.
 16092 | Lair:4   | Received a gift from Trog
 16094 | Lair:4   | Reached skill level 1 in Evocations
 16149 | Lair:4   | Identified the amulet "Sicugang" {Spirit Regen+ Int-5
                  | Dex+4}
 16252 | Lair:4   | Reached skill level 15 in Armour
 16259 | Lair:4   | Noticed a dire elephant
 16270 | Lair:4   | Killed a dire elephant
 16277 | Lair:4   | Reached XP level 14. HP: 103/103 MP: 9/13
 16772 | Lair:4   | Noticed Rupert
 16783 | Lair:4   | Killed Rupert
 17218 | Lair:5   | Entered Level 5 of the Lair of Beasts
 17389 | Lair:5   | Received a gift from Trog
 17485 | Lair:5   | Reached skill level 26 in Axes
 18018 | Lair:5   | Identified the +7 battleaxe of the Wraith {heavy, rElec}
                  | (Trog gifted it to you on level 5 of the Lair of Beasts)
 18018 | Lair:5   | Received a gift from Trog
 18041 | Lair:5   | Found a viscous altar of Jiyva.
 18042 | Lair:5   | Found a staircase to the Slime Pits.
 18732 | Lair:5   | Reached XP level 15. HP: 108/108 MP: 14/14
 19719 | D:14     | Found a gate to the Vaults.
 19875 | D:14     | Reached skill level 27 in Axes
 20144 | D:14     | Identified the +1 long sword "Zuhuiceck" {venom, rPois
                  | Int+2 SInv}
 20507 | D:14     | Reached ****** piety under Trog
 20533 | D:14     | Demolished by a boulder beetle

Illustrated notes

Levels and vault maps discovered:
D:1:      dpeg_arrival_prison, layout_loops_ring
D:2:      cheibrodos_helix_gallery, layout_loops_ring, serial_aquarium,
          aquarium_bridge_long_joined [aquarium_subvault_wall,
          aquarium_subvault_window, aquarium_subvault_wall,
          aquarium_subvault_bridge, aquarium_subvault_bridge,
          aquarium_subvault_wall], aquarium_bridge_square
          [aquarium_subvault_window, aquarium_subvault_bridge,
          aquarium_subvault_window, aquarium_subvault_bridge],
          aquarium_window_fake, aquarium_window_fake, aquarium_window_1,
          aquarium_view_2c, aquarium_view_2d, dk_noncrumbling_4,
          uniq_crazy_yiuf_cottage
D:3:      layout_loops_corners
D:4:      layout_loops_ring, nicolae_ashenzari_panopticon,
          grunt_decor_mini_mirrors, uniq_eustachio
D:5:      layout_gridville, nicolae_sif_muna_condensation,
          nicolae_overflow_hallway_of_the_gods, minmay_temple_entry_sparse_star,
          uniq_blork_the_orc
D:6:      layout_basic, lemuel_round_altar, dreamdust_princess_corridor,
          minmay_fractal_squares_5, uniq_sigmund, uniq_edmund
D:7:      gammafunk_corrupted_shrine, layout_basic,
          mainiacjoe_overflow_boulevard, serial_bayou_pond_d
D:8:      layout_basic, dreamdust_deal_with_the_devil,
          eino_small_chamber_without_monster
D:9:      layout_basic, mainiacjoe_overflow_swirl, dpeg_lair_monsters,
          nzn_life_drinkers
D:10:     layout_big_octagon, general_overflow_altar,
          nicolae_shop_overcharged_wands
D:11:     argonaut_augean_stables, layout_loops_corners, david_orc_5,
          fedhas_altar_3
D:12:     layout_gridville, item_on_display_a
D:13:     layout_layer_cave, drop_trap, uniq_azrael, uniq_sonja
D:14:     minmay_the_grid_triangle_9x9_recursive_2
          [minmay_the_grid_triangle_9x9_prize_insulated,
          minmay_the_grid_triangle_9x9_intruding_spiral,
          minmay_the_grid_triangle_9x9_descending_squares,
          minmay_the_grid_triangle_9x9_cache], layout_stronghold, erik_vaults_2,
          moated_statue, dk_noncrumbling_3, lightli_church_of_beogh
Lair:1:   hellmonk_ruined_rings, layout_regular_city
Lair:2:   layout_roguey, elwin_shoals_entry_rooms,
          gammafunk_ghost_abyssal_escape, serial_bayou_pond_b,
          pdpol_lair_neglected_garden, dreamdust_mushroom_princess
Lair:3:   layout_hall_layers, minmay_snake_entry_guardpost_large,
          infiniplex_staircase_pool_2
Lair:4:   beast_lair_carwin_large_3, layout_gridlike, uniq_rupert
Lair:5:   minmay_lair_end_enchanted_forest, layout_layer_cave, slime_entry_1,
          nicolae_lair_lil_pond, chequers_serial_rivers_room_b,
          serial_bayou_shore_b, grunt_megastairs_2

Skill      XL: |  1  2  3  4  5  6  7  8  9 10 11 12 13 14 15 |
---------------+----------------------------------------------+-----
Axes           | 4 5 7 8 9 11 14 17 19 22 24 25 26 27 | 27.0
Armour         | 6 15 19 20 | 20.4
Evocations     | 1 |  1.2
Fighting       | |  3.6
Dodging        | |  2.2

Action                     |  1- 3 |  4- 6 |  7- 9 | 10-12 | 13-15 || total
---------------------------+-------+-------+-------+-------+-------++-------
  Melee: Hand axe          |    62 |   123 |    23 |       |       ||   208
         Headbutt          |     5 |    19 |    30 |    37 |   103 ||   194
         Punch             |       |     1 |     1 |       |       ||     2
         War axe           |       |       |    38 |       |       ||    38
         Battleaxe         |       |       |   160 |   121 |       ||   281
         Executioner's axe |       |       |       |   157 |   563 ||   720
 Invoke: Berserk           |     1 |     2 |     5 |     3 |     8 ||    19
         Brothers in Arms  |       |       |       |     1 |       ||     1
         Trog's Hand       |       |       |       |       |     1 ||     1
  Evoke: Wand              |       |       |       |     2 |     1 ||     3
    Use: Scroll            |       |    14 |     7 |     5 |     9 ||    35
         Potion            |       |       |       |     4 |     3 ||     7
   Stab: Paralysed         |       |       |       |       |     1 ||     1
 Armour: Animal skin       |     4 |       |       |       |       ||     4
         Ring mail         |     3 |    39 |       |       |       ||    42
         Chain mail        |       |     6 |    24 |       |       ||    30
         Plate armour      |       |       |   118 |   153 |   427 ||   698
  Dodge: Dodged            |    39 |    53 |   110 |   191 |   377 ||   770
